 Dungeon Crawl Stone Soup version 0.24-a0-489-g1c7b743a30 (webtiles) character file.

Game seed: 16073578131360164183

211 krystol the Skirmisher (level 5, -6/57 HPs)
             Began as an Ogre Monk on July 11, 2019.
             Mangled by Menkaure (22 damage)
             ... on level 4 of the Dungeon.
             The game lasted 00:12:45 (4279 turns).

krystol the Skirmisher (Ogre Monk)                  Turns: 4279, Time: 00:12:45

Health: -6/57      AC:  5    Str: 16    XL:     5   Next: 88%
Magic:  5/5        EV:  8    Int: 11    God:
Gold:   202        SH:  8    Dex: 14    Spells: 4/4 levels left

rFire    . . .     SeeInvis .   y - +0 war axe
rCold    . . .     Gourm    .   t - +0 shield
rNeg     + . .     Faith    .   b - +0 robe
rPois    .         Spirit   .   (helmet restricted)
rElec    .         Reflect  .   s - +1 cloak
rCorr    .         Harm     .   (gloves unavailable)
MR       .....                  (boots unavailable)
Stlth    ++........             (no amulet)
HPRegen  0.19/turn              w - +3 ring of dexterity (curse)
MPRegen  0.09/turn              h - ring of positive energy

@: hasted, very quick
A: large, unfitting armour, tough skin 1
a: no special abilities


You were on level 4 of the Dungeon.
You were not hungry.

You visited 1 branch of the dungeon, and saw 4 of its levels.

You collected 202 gold pieces.

Inventory:

Hand Weapons
 l - a +0 dagger
   (You took it off a goblin on level 1 of the Dungeon)
 y - a +0 war axe (weapon)
   (You took it off an orc on level 3 of the Dungeon)
 B - a +0 hunting sling
   (You found it on level 2 of the Dungeon)
 F - a +2 short sword of holy wrath
   (You took it off an orc on level 3 of the Dungeon)
Missiles
 f - 135 stones
 A - 39 sling bullets
 C - 6 boomerangs (quivered)
 D - a throwing net {!f}
Armour
 b - a +0 robe (worn)
 s - a +1 cloak (worn)
   (You found it on level 2 of the Dungeon)
 t - a +0 shield (worn)
   (You found it on level 2 of the Dungeon)
Jewellery
 h - a ring of positive energy (right hand)
   (You found it on level 1 of the Dungeon)
 j - an uncursed ring of resist corrosion
   (You found it on level 2 of the Dungeon)
 w - a cursed +3 ring of dexterity (left hand)
   (You found it on level 2 of the Dungeon)
Scrolls
 g - a scroll of amnesia {unknown}
 m - a scroll of fear
 p - a scroll of remove curse {@r2}
 q - a scroll of enchant armour
 u - a scroll of magic mapping {unknown}
 v - a scroll of blinking {unknown}
 x - 3 scrolls of immolation {!r}
 z - a scroll of teleportation {@r4}
 I - a scroll of fog {unknown}
Potions
 c - 3 potions of heal wounds {@q2}
 i - 2 potions of agility
 k - a potion of degeneration {unknown}
 n - a potion of mutation {unknown}
 o - a potion of brilliance {unknown}
 r - 2 potions of curing {@q1}
 E - a potion of invisibility
 H - a potion of haste {@q3}
 J - a potion of flight {unknown}
Comestibles
 a - a chunk of flesh
 e - 7 rations {!d}


   Skills:
 + Level 5.3 Fighting
 * Level 4.9 Axes
 - Level 2.6 Dodging
 - Level 1.4 Stealth
 * Level 2.4 Shields


You had 4 spell levels left.
You didn't know any spells.
Your spell library was empty.

Dungeon Overview and Level Annotations

Branches:
Dungeon (4/15)
 Temple: D:4-7

Altars:
Dithmenos
Wu Jian

Annotations:
D:2 1 runed translucent door, exclusions: adder and downstairs, Crazy Yiuf
D:4 Menkaure


Innate Abilities, Weirdness & Mutations

You are too large for most types of armour.
You have tough skin. (AC +1)


Message History

No target in view!
No target in view!
You feel sick.
You see here an adder corpse.
You butcher the adder corpse.
You feel sick.
a - 2 chunks of flesh You see here an adder skeleton.
You feel sick.
You start resting.
You feel sick. x8
An adder comes into view.
You see here an adder skeleton.
You feel sick.
You are no longer poisoned.
You start resting.
The adder is too close now for your liking.
You start resting.
Eating one of 2 chunks of flesh.
You eat one of the 2 chunks of flesh.
Menkaure, Prince of Dust comes into view.
Menkaure shouts!
Menkaure gestures wildly while chanting.
Menkaure seems to speed up.
Unknown command.
You see here an adder skeleton.
Menkaure calls on the powers of darkness!
Your body is wracked with pain!
Okay, then.
Okay, then.
You start resting.
Menkaure is too close now for your liking.
You feel yourself speed up. You block Menkaure's attack.
You slash Menkaure! You block Menkaure's attack.
You slash Menkaure!
Menkaure is no longer moving quickly.
Menkaure calls on the powers of darkness!
Your body is wracked with pain!
* * * LOW HITPOINT WARNING * * *
You are too injured to fight recklessly!
You are too injured to fight recklessly!
You are too injured to fight recklessly!
You are too injured to fight recklessly!
You are too injured to fight recklessly!
You hit Menkaure but do no damage.
Menkaure gestures at you while chanting.
Pain shoots through your body!
* * * LOW HITPOINT WARNING * * *
You completely miss Menkaure.
Unknown command.
You hit Menkaure. Menkaure closely misses you.
Unknown command.
You hit Menkaure but do no damage. Menkaure hits you!!
You die...

#..# #........# #...##########
#..#>#.##.##..# #....รท..M....#
.....#.##.##..###..####.####.#
#..................##.....##.#
#.####.##.##..#M##.#.......#..
#.# #.##.##..#.##.#.......#..
#.####........#.##....._....(.
####.##..........#.##.#.......#..
..)..<.......##.@#.#..#.......#..
###############..M#.[.##.....##..
#...#.##.# ##.## #.. .....#...#
.. .. ... ####...### ## ##.## #
#. # #. # #.


You could see Menkaure.

Vanquished Creatures
  2 howler monkeys (D:4)
  5 adders
  An ooze (D:1)
  2 worms
  A leopard gecko (D:3)
  7 orcs (D:3)
  2 ball pythons (D:2)
  8 bats
  5 giant cockroaches
  9 goblins
  6 hobgoblins
  2 jackals (D:3)
  6 kobolds
  2 quokkas (D:3)
  5 frilled lizards
  7 rats
70 creatures vanquished.

Notes
Turn   | Place    | Note
-------+----------+-------------------------------------------
     0 | D:1      | krystol the Ogre Monk began the quest for the Orb.
     0 | D:1      | Reached XP level 1. HP: 24/24 MP: 1/1
   267 | D:1      | Reached XP level 2. HP: 19/32 MP: 2/2
   965 | D:2      | Reached XP level 3. HP: 35/40 MP: 3/3
  1087 | D:2      | Found a shadowy altar of Dithmenos.
  1873 | D:2      | Found a runed translucent door.
  1874 | D:2      | Noticed Crazy Yiuf
  2335 | D:2      | Reached XP level 4. HP: 34/49 MP: 4/4
  2475 | D:3      | Reached skill level 1 in Shields
  3659 | D:4      | Noticed a sky beast
  3724 | D:4      | Reached skill level 5 in Fighting
  3724 | D:4      | Reached XP level 5. HP: 45/57 MP: 5/5
  4039 | D:4      | Found an ornate altar of the Wu Jian Council.
  4248 | D:4      | Noticed Menkaure
  4279 | D:4      | Mangled by Menkaure

Levels and vault maps discovered:
D:1:      minmay_arrival_plants_in_alcoves, layout_basic,
          chequers_serial_rivers_small_b
D:2:      layout_rooms, grunt_dithmenos_smoke, minmay_nonomino_d4,
          uniq_crazy_yiuf_cottage
D:3:      layout_basic
D:4:      layout_loops_ring, old_standard_altar, fedhas_altar_fruit_tree,
          uniq_menkaure

Skill      XL: |  1  2  3  4  5 |
---------------+----------------+-----
Axes           | 4 |  4.9
Shields        | 1 2 |  2.4
Fighting       | 5 |  5.3
Dodging        | |  2.6
Stealth        | |  1.4

Action                   |  1- 3 |  4- 6 || total
-------------------------+-------+-------++-------
Melee: Hand axe          |   161 |   100 ||   261
       War axe           |       |    39 ||    39
Throw: Stone             |    54 |       ||    54
       Boomerang         |     1 |    24 ||    25
  Use: Scroll            |       |     9 ||     9
       Potion            |       |     1 ||     1
 Stab: Sleeping          |     1 |     2 ||     3
  Eat: Chunk             |     3 |     5 ||     8
       Ration            |       |     1 ||     1
Armor: Robe              |    48 |    37 ||    85
Dodge: Dodged            |    70 |    50 ||   120
Block: Shield            |    24 |    65 ||    89

Table legend:
 A = Non-vault XP
 B = Vault XP
 C = Vault XP percentage of total XP
 D = Non-vault monster count
 E = Vault monster count
 F = Vault count percentage of total count
                 A         B        C        D         E       F
            +---------+---------+-------+---------+---------+-------
      Total |     294 |       8 |   2.6 |      64 |       6 |   8.6
            +---------+---------+-------+---------+---------+-------
        D:1 |      33 |       2 |   5.7 |      16 |       1 |   5.9
        D:2 |      41 |       6 |  12.8 |      17 |       5 |  22.7
        D:3 |      68 |       0 |   0.0 |      26 |       0 |   0.0
        D:4 |     152 |       0 |   0.0 |       5 |       0 |   0.0
            +---------+---------+-------+---------+---------+-------
